 Dungeon Crawl Stone Soup version 0.31.0-2-g5a2aebc5c2 (webtiles) character file.

Game seed: 8032153326062800828

93895 Arcadio the Warrior (level 15, -1/144 (149) HPs)
             Began as a Minotaur Berserker on Jan 19, 2024.
             Was a High Priest of Trog.
             Slain by a white ugly thing (35 damage)
             ... on level 15 of the Dungeon on Jan 20, 2024.
             The game lasted 01:01:18 (24359 turns).

Arcadio the Warrior (Minotaur Berserker)           Turns: 24359, Time: 01:01:19

HP:   -1/144 (149)  AC: 30    Str: 28    XL:     15   Next: 62%
MP:   14/14         EV: 10    Int:  4    God:    Trog [*****.]
Gold: 2142          SH:  6    Dex:  6    Spells: 14/14 levels left

rFire   . . .        V - +9 broad axe (venom)
rCold   . . .        J - +2 buckler
rNeg    . . .        Y - +3 plate armour {rPois}
rPois   +            b - +2 hat {SInv}
rElec   .            n - +0 cloak
rCorr   +            L - +2 pair of gloves
SInv    +            S - +0 pair of boots
Will    ++++.        l - amulet "Epyutet" {rPois Regen+ rCorr Str-2 Dex-3} Stlth
                     F - ring of willpower
HPRegen 2.24/turn    m - +4 ring of slaying
MPRegen 0.14/turn

%: no passive effects
@: strong-willed (expiring), regenerating (expiring), lightly drained
A: horns 2, retaliatory headbutt
a: Renounce Religion, Berserk, Trog's Hand, Brothers in Arms


You were on level 15 of the Dungeon.
You worshipped Trog.
Trog was extremely pleased with you.
You visited 4 branches of the dungeon, and saw 23 of its levels.
You also visited: Gauntlet and Ice Cave.

You collected 2584 gold pieces.
You spent 442 gold pieces at shops.

Inventory:

Hand Weapons
 j - a +5 heavy broad axe
 B - a +6 great mace of holy wrath
 Q - a +4 scimitar of flaming
 U - a +2 antimagic battleaxe
 V - a +9 broad axe of venom (weapon)
Armour
 b - a +2 hat of see invisible (worn)
 n - a +0 cloak (worn)
 J - a +2 buckler (worn)
 L - a +2 pair of gloves (worn)
 M - +0 ice dragon scales
 S - a +0 pair of boots (worn)
 W - the +0 robe of Pandemonium {Rampage rF+++ Regen+ Dex-3}
   (You found it on level 9 of the Dungeon)

   Dex-3:     It affects your dexterity (-3).
   rF+++:     It renders you almost immune to fire.
   Regen+:    It increases your rate of health regeneration.
   Rampage:   It bestows one free step when moving towards enemies.
 Y - a +3 plate armour of poison resistance (worn)
Jewellery
 g - a ring of ice
 l - the amulet "Epyutet" (around neck) {rPois Regen+ rCorr Str-2 Dex-3}
   (You acquired it on level 3 of the Lair of Beasts)

   [amulet of regeneration]

   Str-2:     It affects your strength (-2).
   Dex-3:     It affects your dexterity (-3).
   rPois:     It protects you from poison Regen+: It increases your rate of
   health regeneration.
   rCorr:     It protects you from acid and corrosion.
 m - a +4 ring of slaying (right hand)
 w - a ring of protection from cold
 F - a ring of willpower (left hand)
 P - an amulet of reflection
Wands
 e - a wand of roots (34)
 E - a wand of acid (18)
 N - a wand of charming (19)
 T - a wand of mindburst (15)
 X - a wand of polymorph (11)
 Z - a wand of flame (23)
Scrolls
 c - 5 scrolls of blinking
 f - a scroll of poison {unknown}
 r - 2 scrolls of identify
 s - 4 scrolls of vulnerability
 u - 3 scrolls of fog
 v - 4 scrolls of fear
 y - a scroll of noise
 C - 2 scrolls of enchant armour
 G - 5 scrolls of immolation
 H - 8 scrolls of teleportation
 R - a scroll of torment {unknown}
Potions
 a - 3 potions of mutation
 d - 3 potions of magic
 h - 3 potions of enlightenment
 i - 3 potions of ambrosia
 k - 7 potions of curing
 o - a potion of might
 p - 5 potions of attraction
 q - a potion of brilliance {unknown}
 t - a potion of cancellation
 z - 3 potions of heal wounds
 A - 3 potions of haste
 D - a potion of berserk rage {unknown}
 I - 2 potions of resistance
 K - 4 potions of lignification
 O - a potion of degeneration {unknown}
Miscellaneous
 x - a phial of floods


   Skills:
 + Level 18.3 Fighting
 + Level 18.1 Axes
 + Level 18.0 Armour
 + Level 11.1 Dodging
 - Level 6.2 Shields


You had 14 spell levels left.
You didn't know any spells.
Your spell library was empty.

Dungeon Overview and Level Annotations

Branches:
Dungeon (15/15) Zot: 26961  Temple (1/1) D:7 Zot: 5998    Lair (5/5) D:10 Zot: 25094
  Swamp (0/4) Lair:2        Snake (0/4) Lair:2        Slime (0/5) Lair:5
    Orc (2/2) D:9 Zot: 9500     Elf (0/3) Orc:2        Vaults (0/5) D:14
  IceCv (visited)         Gauntlet (visited)
 Depths: D:15

Altars:
Ashenzari
Cheibriados
Dithmenos
Elyvilon
Fedhas
Gozag
Hepliaklqana
Kikubaaqudgha
Makhleb
Nemelex Xobeh
Okawaru
Qazlal
Ru
Sif Muna
Trog
Uskayaw
Vehumet
Wu Jian
Xom
Yredelemnul
Zin
The Shining One

Shops:
D:4 *:   D:8 [   D:13 [   Orc:1 :   Orc:2 [:(*

Annotations:
Lair:1 2 transporters, NitroKuite's ghost, journeyman MiBe
Lair:2 exclusion: oklob plant


Innate Abilities, Weirdness & Mutations

You have a pair of horns on your head.
You reflexively headbutt those who attack you in melee.


Message History

The white ugly thing basks in the mutagenic energy from its kin and changes!
The purple ugly thing basks in the mutagenic energy from its kin and changes!
Your deep troll bites the white ugly thing!
Your deep troll barely misses the white ugly thing.
Your deep troll claws the white ugly thing!
You barely miss the white ugly thing. You headbutt the white ugly thing!
You kill the white ugly thing!
Trog accepts your kill.
You slash the purple ugly thing!
The purple ugly thing is poisoned.
The orc barely misses your deep troll.
You carve the purple ugly thing like a ham!!!
The purple ugly thing looks as sick as possible!
You headbutt the purple ugly thing.
The purple ugly thing is almost dead.
The orc hits your deep troll with a +0 flail!
Your deep troll dies!
Your deep troll's corpse disappears in a puff of smoke!
You hit the purple ugly thing.
The purple ugly thing is almost dead.
The purple ugly thing tail-slaps you but does no damage.
You slash the purple ugly thing!
You kill the purple ugly thing!
Trog accepts your kill.
You closely miss the orc. You slash the white ugly thing!
The white ugly thing is poisoned.
The white ugly thing bites you! The white ugly thing freezes you!
You feel the effects of Trog's Hand fading.
The orc closely misses you. The white ugly thing barely misses you.
You furiously retaliate!
You headbutt the white ugly thing!
Items here: )) [ †.
You barely miss the white ugly thing.
The white ugly thing is moderately wounded.
You hit the orc.
The orc is poisoned.
The orc hits you but does no damage.
You slash the white ugly thing!
The white ugly thing is heavily wounded.
You slice the orc!!
You kill the orc!
Trog accepts your kill. The white ugly thing bites you!
The white ugly thing freezes you!!
You die...

####### ........#
........# ........#
###### ........#
#....# ...)....#
#†...#
........######)...#
...........).)..@u..#
...........####)....#
......To........#####
#......#.....####
#.#.uToc..##...
......o......)...
.....ou..........
#.)#.u...........
#T)..§....... ...


You could see a white ugly thing (very poisoned).

Vanquished Creatures
  Gastronok (D:10)
  Kirke (Lair:3)
  2 orc warlords (Orc:1)
  A minotaur (Gauntlet)
  Fannar (Lair:1)
  An ice dragon (Lair:5)
  3 catoblepae
  4 vault guards (D:14)
  Erica (D:8)
  4 hydras
  5 boulder beetles
  5 centaur warriors
  6 two-headed ogres
  An ogre mage (Orc:2)
  6 death yaks
  Urug (Lair:4)
  An orc high priest (Orc:1)
  Lodul (D:14)
  A skeletal warrior (D:11)
  A swamp dragon (Lair:5)
  4 orc knights
  2 lindwurms
  2 manticores
  6 cyclopes
  11 ugly things
  3 orc sorcerers
  A will-o-the-wisp (Lair:2)
  2 elephants (Lair:5)
  8 slime creatures
  Joseph (D:9)
  3 kobold blastminers (Orc:1)
  5 black mambas
  3 gargoyles
  A torpor snail (Gauntlet)
  7 rime drakes
  A kobold demonologist (D:11)
  15 cane toads
  11 komodo dragons
  3 ice devils
  12 trolls
  2 polar bears
  3 hornets
  Prince Ribbit (D:9)
  A glass eye (shapeshifter) (D:11)
  16 blink frogs
  7 dream sheep
  2 vampires
  2 wraiths
  33 yaks
  A shadow (D:10)
  10 wyverns
  14 basilisks
  8 vampire mosquitoes
  2 hogs (Lair:3)
  A golden eye (shapeshifter) (D:14)
  9 humans
  3 wargs (Orc:1)
  4 steam dragons
  4 nagas (Lair:2)
  3 acid dragons
  21 water moccasins
  A black bear (D:5)
  23 orc warriors
  12 ogres
  5 ice beasts
  13 wolves
  9 centaurs
  2 phantoms
  A kobold brigand (D:7)
  A water moccasin zombie (D:5)
  10 bullfrogs
  2 gnoll sergeants
  A two-headed ogre simulacrum (IceCv)
  2 scorpions (D:7)
  A cane toad simulacrum (IceCv)
  19 wights
  2 elephant simulacra (IceCv)
  9 killer bees
  An electric eel (Lair:4)
  2 bombardier beetles
  2 bullfrog zombies (D:5)
  A jelly (D:6)
  A gnoll bouda (D:4)
  9 orc priests
  5 hounds
  Crazy Yiuf (D:2)
  Ijyb (D:3)
  8 iguanas
  18 orc wizards
  7 hell rats (D:10)
  A scorpion zombie (D:5)
  2 troll simulacra (IceCv)
  A polar bear simulacrum (IceCv)
  A hound zombie (D:5)
  A howler monkey zombie (D:5)
  18 gnolls
  11 adders
  A shadow imp (D:5)
  4 white imps (IceCv)
  6 ufetubi
  2 dart slugs (D:1)
  4 ribbon worms
  44 orcs
  6 ball pythons
  6 bats
  6 endoplasms
  7 giant cockroaches
  4 goblins
  5 hobgoblins
  A jackal (D:3)
  A quokka (D:2)
  6 frilled lizards
  12 kobolds
  9 rats
623 creatures vanquished.

Vanquished Creatures (collateral kills)
  2 hydras
  An orc knight (D:15)
  2 ugly things (D:15)
  A manticore (Lair:5)
  A rime drake (Lair:5)
  A dream sheep (Lair:5)
  An orc warrior (D:15)
  An orc priest (D:15)
  2 orcs (D:15)
12 creatures vanquished.

Vanquished Creatures (others)
  A wyvern (Lair:3)
  12 foxfires (Lair:2)
13 creatures vanquished.

Grand Total: 648 creatures vanquished

Notes
Turn   | Place    | Note
-------+----------+-------------------------------------------
     0 | D:1      | Arcadio the Minotaur Berserker began the quest for the Orb.
     0 | D:1      | Reached XP level 1. HP: 19/19 MP: 0/0
   151 | D:1      | Reached XP level 2. HP: 27/27 MP: 1/1
   718 | D:2      | Reached XP level 3. HP: 32/33 MP: 2/2
   768 | D:2      | HP: 1/34 [hobgoblin (2)]
   769 | D:2      | Reached ** piety under Trog
  1016 | D:2      | Found a runed translucent door.
  1017 | D:2      | Noticed Crazy Yiuf
  1090 | D:2      | Found a faded altar of an unknown god.
  1159 | D:2      | Reached XP level 4. HP: 34/41 MP: 3/3
  1295 | D:2      | Noticed a phantom
  1307 | D:2      | Killed a phantom
  1308 | D:2      | Reached skill level 5 in Fighting
  1308 | D:2      | Reached skill level 5 in Axes
  1308 | D:2      | Reached XP level 5. HP: 38/48 MP: 4/4
  1508 | D:2      | Killed Crazy Yiuf
  1537 | D:3      | Identified the +2 robe of Yloale {Dex+5}
  1585 | D:3      | HP: 3/72 [gnoll/+0 halberd (1)]
  2243 | D:3      | Reached XP level 6. HP: 56/56 MP: 5/5
  2677 | D:3      | Noticed Ijyb
  2685 | D:3      | Killed Ijyb
  2686 | D:3      | Reached skill level 5 in Armour
  2702 | D:3      | Found a stormy altar of Qazlal.
  2899 | D:4      | Found Hauduf's Vocational Training.
  2951 | D:4      | Found Fuihus's General Store.
  2960 | D:4      | Bought 3 scrolls of enchant weapon for 225 gold pieces
  3037 | D:4      | Reached *** piety under Trog
  3833 | D:5      | Entered Level 5 of the Dungeon
  3867 | D:5      | Reached XP level 7. HP: 59/64 MP: 6/6
  3957 | D:5      | Found a basalt altar of Yredelemnul.
  4694 | D:5      | Reached XP level 8. HP: 54/73 MP: 7/7
  5038 | D:5      | Found a bloodstained altar of Trog.
  5073 | D:5      | Found a blossoming altar of Fedhas.
  5276 | D:5      | Found a hide-covered altar of Uskayaw.
  5703 | D:6      | Found a shadowy altar of Dithmenos.
  6046 | D:6      | Found an ornate altar of the Wu Jian Council.
  6193 | D:7      | Identified the +5 scale mail "Noiqise" {+Inv Will+ Regen+
                  | Int+3 Dex-4}
  6214 | D:7      | Found a staircase to the Ecumenical Temple.
  6225 | D:7      | Reached **** piety under Trog
  6234 | Temple   | Entered the Ecumenical Temple
  6316 | D:7      | Reached XP level 9. HP: 71/83 MP: 8/8
  7371 | D:8      | Found a sacrificial altar of Ru.
  7796 | D:7      | Reached skill level 10 in Fighting
  7970 | D:8      | Found a snail-covered altar of Cheibriados.
  8156 | D:8      | Found Imenliph's Armour Shoppe.
  8234 | D:8      | Noticed Erica
  8251 | D:8      | Killed Erica
  8252 | D:8      | Reached skill level 10 in Axes
  8252 | D:8      | Reached skill level 10 in Armour
  8333 | D:8      | Reached XP level 10. HP: 94/94 MP: 9/9
  8402 | D:8      | Found an opulent altar of Gozag.
  8668 | D:9      | Noticed Prince Ribbit
  8671 | D:9      | Killed Prince Ribbit
  8757 | D:9      | Found a staircase to the Orcish Mines.
  8789 | D:9      | Identified the +0 robe of Pandemonium {Rampage rF+++ Regen+
                  | Dex-3}
  8800 | D:9      | Noticed Joseph
  8811 | D:9      | Killed Joseph
  9291 | D:10     | Entered Level 10 of the Dungeon
  9706 | D:10     | Noticed Gastronok
  9721 | D:10     | Killed Gastronok
  9722 | D:10     | Reached XP level 11. HP: 100/105 MP: 10/10
  9885 | D:10     | Found a glowing silver altar of Zin.
  9919 | D:10     | Reached ***** piety under Trog
  9922 | D:10     | Found a staircase to the Lair.
  9999 | D:10     | Found a hazy altar of Hepliaklqana.
 10343 | Lair:1   | Entered Level 1 of the Lair of Beasts
 10562 | Lair:1   | Noticed Fannar
 11437 | Lair:1   | Noticed a boulder beetle
 11670 | D:10     | Killed a boulder beetle
 11671 | D:10     | Reached skill level 1 in Shields
 12271 | Lair:1   | Noticed a catoblepas
 12281 | Lair:1   | Killed Fannar
 12408 | D:11     | Found a frozen archway.
 12424 | IceCv    | Entered an ice cave
 12688 | IceCv    | Noticed a reaper
 12756 | D:11     | Noticed a skeletal warrior
 12768 | D:11     | Reached XP level 12. HP: 75/116 MP: 11/11
 13467 | D:11     | Noticed a boulder beetle
 13481 | D:11     | Killed a boulder beetle
 13672 | D:11     | Reached skill level 5 in Shields
 14784 | D:13     | Found Elujimum's Antique Armour Emporium.
 14842 | D:13     | Noticed a centaur warrior
 14849 | D:13     | Killed a centaur warrior
 14970 | D:13     | Noticed a centaur warrior
 14981 | D:13     | Killed a centaur warrior
 14986 | D:13     | Reached skill level 15 in Fighting
 15084 | D:13     | Noticed a centaur warrior
 15094 | D:13     | Killed a centaur warrior
 15192 | D:13     | Noticed a seven-headed hydra
 15200 | D:13     | Killed a five-headed hydra
 15201 | D:13     | Reached XP level 13. HP: 126/126 MP: 12/12
 15445 | D:13     | Reached skill level 15 in Axes
 15936 | Orc:1    | Entered Level 1 of the Orcish Mines
 15936 | Orc:1    | Found Toity's Book Boutique.
 15953 | Orc:1    | Received a gift from Trog
 16246 | Orc:2    | Entered Level 2 of the Orcish Mines
 16253 | Orc:2    | Reached skill level 5 in Dodging
 16253 | Orc:2    | Found a staircase to the Elven Halls.
 16457 | Orc:2    | Reached skill level 15 in Armour
 16551 | Orc:2    | Noticed an orc warlord
 16967 | Orc:1    | Killed an orc warlord
 17825 | Orc:2    | Found Roreylau's Book Boutique.
 17827 | Orc:2    | Received a gift from Trog
 17921 | Orc:2    | Found Neul's Antique Armour Boutique.
 17973 | Orc:2    | Found Kesid's General Store.
 18027 | Orc:2    | Found Ladar Diux's Antique Weapon Boutique.
 18033 | Orc:2    | Bought a runed broad axe for 217 gold pieces
 18186 | Orc:1    | Noticed an orc warlord
 18266 | Orc:1    | Killed an orc warlord
 18632 | Lair:1   | Identified the +5 scale mail "Javalodgh" {Regen+ Str+2
                  | Slay+2}
 18634 | Lair:1   | Noticed NitroKuite's ghost (journeyman MiBe)
 18861 | Lair:1   | Found a transporter.
 18871 | Lair:1   | Found a transporter.
 19090 | Lair:2   | Reached XP level 14. HP: 123/137 MP: 13/13
 19582 | Lair:2   | Found a staircase to the Snake Pit.
 19779 | Lair:2   | Found a staircase to the Swamp.
 20738 | Lair:3   | Identified a scroll of acquirement
 20740 | Lair:3   | Acquired the amulet "Epyutet" {rPois Regen+ rCorr Str-2
                  | Dex-3}
 20780 | Lair:3   | Noticed Kirke
 20788 | Lair:3   | Killed Kirke
 20791 | Lair:3   | Reached ****** piety under Trog
 21104 | Lair:3   | Identified the +2 battleaxe of the Beast {flame, Dex+3}
                  | (Trog gifted it to you on level 3 of the Lair of Beasts)
 21104 | Lair:3   | Received a gift from Trog
 21534 | Lair:4   | Noticed Urug
 21540 | Lair:4   | Killed Urug
 21586 | Lair:4   | Found a glowing golden altar of the Shining One.
 22310 | Lair:5   | Entered Level 5 of the Lair of Beasts
 22488 | Lair:5   | Found a staircase to the Slime Pits.
 22573 | Lair:5   | Found a gate leading to a gauntlet.
 22589 | Gauntlet | Entered a Gauntlet
 22589 | Gauntlet | Found a transporter.
 22593 | Gauntlet | Found a transporter.
 22597 | Gauntlet | Found a transporter.
 22608 | Gauntlet | Found a transporter.
 22609 | Gauntlet | Found a transporter.
 22617 | Gauntlet | Found a transporter.
 22621 | Gauntlet | Found a transporter.
 22627 | Gauntlet | Found a transporter.
 22636 | Gauntlet | Found a transporter.
 22637 | Gauntlet | Found a transporter.
 22644 | Gauntlet | Found a transporter.
 22668 | Gauntlet | Found a transporter.
 22692 | Gauntlet | Found a transporter.
 22704 | Gauntlet | Found a transporter.
 23342 | Lair:5   | Reached XP level 15. HP: 143/147 MP: 14/14
 23374 | Lair:5   | Reached skill level 10 in Dodging
 23418 | Lair:5   | Received a gift from Trog
 23744 | Lair:5   | Upgraded the game from 0.31.0 to 0.31.0-2-g5a2aebc5c2
 24057 | D:14     | Found a gate to the Vaults.
 24088 | D:14     | Noticed Lodul
 24099 | D:14     | Killed Lodul
 24320 | D:15     | Entered Level 15 of the Dungeon
 24359 | D:15     | Slain by a white ugly thing

Illustrated notes

Levels and vault maps discovered:
D:1:      doesnt_arrival_eight_statues, layout_loops_ring,
          palyth_stone_intersect
D:2:      layout_basic, chequers_ecumenical_altar_simple_redux,
          uniq_crazy_yiuf_cottage
D:3:      minmay_chambers_of_twos, layout_loops_corners,
          nicolae_overflow_hidden_temple, uniq_ijyb
D:4:      layout_basic, serial_shops, shop, nrook_uturn,
          chequers_serial_rivers_small_3, nicolae_shop_vocational
D:5:      layout_basic, kennysheep_little_box, nicolae_yredelemnul_corpse_copse,
          mainiacjoe_overflow_catch_the_wave, st_stairs_8,
          minmay_misc_feat_five, saegor_snake_ambush
D:6:      layout_rooms, grunt_dithmenos_smoke_and_mirrors,
          nzn_wu_jian_council_hall
D:7:      layout_loops_ring, minmay_temple_entry_arrows, minivault_14
D:8:      layout_cave_pools, kennysheep_mini,
          nicolae_gozag_cash_rules_everything_around_me, lemuel_crystal_altar,
          serial_shops, shop, uniq_erica
D:9:      layout_rooms, orc_0_dummy, minivault_19, uniq_joseph,
          uniq_prince_ribbit1
D:10:     layout_loops_ring, mainiacjoe_overflow_alcove_2,
          general_overflow_altar, hellmonk_lair_entry_icy,
          small_chamber_with_monster, uniq_gastronok
D:11:     layout_gridville, portal_ice_cave_demonic_guard, minmay_bent
D:12:     layout_cave_pools, minmay_misc_feat_plants
D:13:     layout_stronghold, serial_shops, nicolae_inconvenience_store,
          serial_glass, glass_columns_b, glass_columns_b, glass_columns_a,
          glass_columns_c, glass_columns_b, glass_columns_a, item_on_display_a
D:14:     dreamdust_under_siege, layout_rooms, ximxim_vaults_locker_room,
          grunt_decor_mini_mirrors, uniq_lodul
D:15:     gammafunk_depths_entry_grave, layout_rooms, minmay_misc_feat_cross
Temple:   hellmonk_temple_micro_hex
Lair:1:   layout_hall_layers, gammafunk_ghost_arena,
          chequers_serial_rivers_room_b, grunt_megastairs_3,
          infiniplex_staircase_pool, uniq_fannar
Lair:2:   layout_regular_city, minmay_swamp_entry_wisps,
          minmay_snake_entry_guardpost_small, serial_forest,
          infiniplex_forest_lined_corner, infiniplex_forest_end_double,
          infiniplex_forest_lined_2, infiniplex_forest_diagonal,
          infiniplex_forest_straight_3, infiniplex_forest_clump_medium,
          infiniplex_forest_straight_1, beast_lair_carwin_4
Lair:3:   regret_index_malice_mire, layout_hall_layers, minivault_26, uniq_kirke
Lair:4:   layout_roguey, basic_altar, serial_rivers,
          chequers_serial_rivers_room_b, chequers_serial_rivers_micro_d,
          chequers_serial_rivers_room_a, chequers_serial_rivers_micro_c,
          pdpol_lair_cavern_descent, uniq_urug
Lair:5:   guppyfry_lair_end_dragon, layout_loops_ring, hangedman_lair_in_review,
          slime_entry_1, gauntlet_entry_generic, grunt_megastairs_2
Orc:1:    layout_caves, serial_shops, shop
Orc:2:    grunt_orc_cross, layout_caves, basic_altar, nicolae_orc_crystal_seam

Skill      XL: |  1  2  3  4  5  6  7  8  9 10 11 12 13 14 15 |
---------------+----------------------------------------------+-----
Fighting       | 4 5 6 7 9 10 12 13 15 16 17 18 | 18.3
Axes           | 4 5 6 7 8 10 12 13 14 16 17 18 | 18.1
Armour         | 3 4 5 6 8 10 12 13 14 16 17 18 | 18.0
Shields        | 4 6 |  6.2
Dodging        | 4 7 9 11 | 11.1

Action                     |  1- 3 |  4- 6 |  7- 9 | 10-12 | 13-15 || total
---------------------------+-------+-------+-------+-------+-------++-------
  Melee: Hand axe          |    76 |   150 |   208 |       |       ||   434
         Headbutt          |    12 |    25 |    61 |    94 |   160 ||   352
         Punch             |     1 |     3 |     5 |       |       ||     9
         War axe           |       |       |       |   401 |   167 ||   568
         Scimitar          |       |       |       |     2 |    31 ||    33
         Broad axe         |       |       |       |       |   500 ||   500
  Throw: Throwing net      |       |       |       |     1 |       ||     1
 Invoke: Berserk           |     1 |     1 |     1 |     8 |     2 ||    13
         Brothers in Arms  |       |       |       |       |     3 ||     3
         Trog's Hand       |       |       |       |       |     2 ||     2
  Evoke: Wand              |       |       |       |     3 |       ||     3
    Use: Scroll            |       |     5 |     4 |     5 |    15 ||    29
         Potion            |       |       |     2 |     2 |     1 ||     5
   Stab: Sleeping          |       |     2 |       |       |       ||     2
 Armour: Animal skin       |    45 |    15 |       |       |       ||    60
         Robe              |       |    46 |    15 |       |       ||    61
         Chain mail        |       |       |   191 |   326 |    74 ||   591
         Plate armour      |       |       |       |       |   525 ||   525
  Dodge: Dodged            |    75 |   109 |   107 |   149 |   237 ||   677
  Block: Buckler           |       |       |    38 |   186 |   236 ||   460
         Reflection        |       |       |       |    12 |    10 ||    22
